 Dungeon Crawl Stone Soup version 0.28-a0-1447-ga5a8893891 (webtiles) character file.

Game seed: 5685212057388931035

388 chunkyMonkey the Ducker (level 6, -1/32 HPs)
             Began as a Spriggan Fighter on Jan 10, 2022.
             Slain by a wyvern zombie (11 damage)
             ... on level 6 of the Dungeon.
             The game lasted 00:08:37 (6454 turns).

chunkyMonkey the Ducker (Spriggan Fighter)          Turns: 6454, Time: 00:08:37

Health: -1/32      AC:  4    Str: 14    XL:     6   Next: 49%
Magic:  11/11      EV: 17    Int: 10    God:
Gold:   105        SH:  6    Dex: 14    Spells: 11/11 levels left

rFire   . . .      SeeInvis +   a - +0 long sword
rCold   . . .      Faith    .   c - +0 buckler
rNeg    . . .      Spirit   .   m - +2 robe {Archmagi}
rPois   .          Reflect  .   (helmet restricted)
rElec   .          Harm     .   (no cloak)
rCorr   .          Rampage  .   (gloves unavailable)
Will    +....      Archmagi +   (boots unavailable)
Stlth   +.........              (no amulet)
HPRegen 0.10/turn               (no ring)
MPRegen 0.12/turn               (no ring)

@: very quick
A: very small, no large weapons, unfitting armour, see invisible, speed 3
a: no special abilities


You were on level 6 of the Dungeon.
You visited 1 branch of the dungeon, and saw 6 of its levels.

You collected 155 gold pieces.
You spent 50 gold pieces at shops.

Inventory:

Hand Weapons
 a - a +0 long sword (weapon)
Missiles
 l - 5 datura-tipped darts (quivered)
Armour
 b - a +0 robe
 c - a +0 buckler (worn)
 m - a +2 robe of the Archmagi (worn)
Wands
 n - a wand of paralysis (3)
Scrolls
 f - a scroll of teleportation
 g - a scroll of vulnerability
 h - a scroll of blinking {unknown}
 i - 2 scrolls of enchant armour {unknown}
 o - a scroll of amnesia {unknown}
Potions
 d - 3 potions of might
 e - 5 potions of curing
 j - 2 potions of haste
 k - a potion of magic
 p - a potion of lignification {unknown}
 q - a potion of mutation {unknown}


   Skills:
 * Level 3.2 Fighting
 * Level 2.5(3.4) Short Blades
 * Level 2.6(2.9) Long Blades
 + Level 1.1 Armour
 * Level 5.1 Dodging
 * Level 2.9 Shields
 * Level 3.0 Spellcasting


You had 11 spell levels left.
You didn't know any spells.
Your spell library contained the following spells:

 Spells                   Type           Power      Damage    Failure   Level
 Animate Skeleton         Necr           4%         N/A       50%         1
 Apportation              Tloc           4%         N/A       50%         1
 Foxfire                  Conj/Fire      8%         2x1d4     50%         1
 Summon Small Mammal      Summ           8%         N/A       50%         1
 Conjure Flame            Conj/Fire      2%         6-21      86%         3
 Inner Flame              Hex/Fire       2%         N/A       86%         3
 Flame Wave               Conj/Fire      2%         2d4       99%         4


Dungeon Overview and Level Annotations

Branches:
Dungeon (7/15)
 Temple: D:4-7

Altars:

Shops:
D:2 *

Annotations:
D:2 1 runed translucent door, Crazy Yiuf


Innate Abilities, Weirdness & Mutations

You are very small and have problems with some larger weapons.
You are too small for most types of armour.
You have supernaturally acute eyesight. (SInv)
You cover ground extremely quickly. (Speed+++)


Message History

The orc shouts!
There is a stone staircase leading up here.
You climb upwards.
The gnoll shouts!
The wyvern zombie closely misses you. The iguana closely misses you.
An ogre comes into view. It is wielding a +0 giant club.
The wyvern zombie bites you! You block the iguana's attack.
There is a stone staircase leading down here.
Unknown command.
You can't go up here!
Unknown command.
You block the wyvern zombie's attack. The iguana closely misses you.
You climb downwards.
There is a stone staircase leading up here.
You hit the iguana.
The iguana is moderately wounded.
The iguana bites you but does no damage.
You barely miss the iguana.
The iguana is moderately wounded.
The iguana misses you.
You barely miss the iguana.
The iguana is moderately wounded.
The iguana closely misses you. You block the iguana's attack.
You slash the iguana!
The iguana is almost dead.
The iguana barely misses you.
You slash the iguana!
You kill the iguana!
You see here a hound skeleton.
You start resting.
HP restored.
You start waiting.
You start waiting.
Done waiting.
There is a stone staircase leading up here.
You climb upwards.
The wyvern zombie closely misses you. The ogre hits you with a +0 giant club!
Ouch! That really hurt!
The gnoll hits you with a +0 flail. The wyvern zombie bites you!
You die...

.....####.........
..................
.................
#.#..#..........
#.......$.......
#.......(.......
.....##.#.........
.##.# #.##.g......
# #...@...####
##..ZO..#
#.......#
#.....g...#
#..........#
.............#
..##....?.....# ..
#$.........#


You could see an ogre, 2 gnolls and a wyvern zombie.

Vanquished Creatures
  A black bear (D:7)
  A scorpion (D:6)
  A hound (D:7)
  A centaur skeleton (D:7)
  Jessica (D:2)
  2 iguanas
  A gnoll (D:3)
  4 adders
  3 worms
  An orc (D:7)
  A ball python (D:3)
  3 endoplasms
  4 giant cockroaches
  7 hobgoblins
  3 jackals (D:2)
  A quokka (D:2)
  4 bats
  2 frilled lizards
  7 goblins
  5 kobolds (D:1)
  3 rats
  A bush (D:2)
57 creatures vanquished.

Vanquished Creatures (others)
  A fungus (D:2)
  A plant (D:3)
2 creatures vanquished.

Grand Total: 59 creatures vanquished

Notes
Turn   | Place    | Note
-------+----------+-------------------------------------------
     0 | D:1      | chunkyMonkey the Spriggan Fighter began the quest for the
                  | Orb.
     0 | D:1      | Reached XP level 1. HP: 11/11 MP: 2/2
   561 | D:1      | Reached XP level 2. HP: 9/16 MP: 3/3
  1405 | D:1      | Found a faded altar of an unknown god.
  1471 | D:2      | Noticed Jessica
  2086 | D:2      | Found Tuteug's General Store.
  2118 | D:2      | Reached skill level 1 in Short Blades
  2536 | D:1      | Reached XP level 3. HP: 19/19 MP: 3/5
  2633 | D:2      | Bought a potion of curing for 30 gold pieces
  2633 | D:2      | Bought a scroll of identify for 20 gold pieces
  2701 | D:2      | Reached skill level 1 in Spellcasting
  3053 | D:2      | Killed Jessica
  3054 | D:2      | Reached XP level 4. HP: 21/23 MP: 5/7
  3487 | D:2      | Found a runed translucent door.
  3488 | D:2      | Noticed Crazy Yiuf
  5310 | D:3      | Reached XP level 5. HP: 28/28 MP: 9/9
  5813 | D:4      | You fall into a shaft and drop 2 floors!
  5849 | D:7      | Reached skill level 1 in Armour
  5866 | D:7      | Noticed a black bear
  5887 | D:7      | Killed a black bear
  5888 | D:7      | Reached skill level 5 in Dodging
  5888 | D:7      | Reached XP level 6. HP: 18/32 MP: 11/11
  6454 | D:6      | Slain by a wyvern zombie

Illustrated notes

Levels and vault maps discovered:
D:1:      giann_forest_graveyard, layout_rooms,
          hellmonk_ecumenical_altar_prayer_group, st_stairs_12, chequers_jeans,
          nicolae_concentric_dashed_squares_mild
D:2:      layout_basic, serial_shops, nicolae_shop_advertising_works
          [nicolae_subvault_shop_adworks], minmay_misc_feat_nine_boxes,
          uniq_jessica, uniq_crazy_yiuf_cottage
D:3:      layout_loops_cross, serial_bayou_crossing
D:4:      layout_gridville, minmay_temple_entry_proselytizer, serial_shops,
          nicolae_shop_bloodbath_and_beyond
D:6:      layout_rooms, uniq_maggie
D:7:      nicolae_whirlpool, layout_layer_cave, serial_shops,
          nicolae_lakefront_shop

Skill      XL: |  1  2  3  4  5  6 |
---------------+-------------------+-----
Short Blades   | 1 2 |  2.5
Spellcasting   | 1 2 3 |  3.0
Long Blades    | 2 |  2.6
Fighting       | 3 |  3.2
Armour         | 1 |  1.1
Dodging        | 5 |  5.1
Shields        | |  2.9

Action                   |  1- 3 |  4- 6 || total
-------------------------+-------+-------++-------
Melee: Long sword        |    94 |   182 ||   276
Throw: Dart              |     6 |       ||     6
Evoke: Wand              |       |     7 ||     7
  Use: Scroll            |     3 |     1 ||     4
 Stab: Sleeping          |       |     2 ||     2
       Paralysed         |       |    17 ||    17
Armor: Robe              |    12 |    12 ||    24
Dodge: Dodged            |    58 |    72 ||   130
Block: Buckler           |    39 |    40 ||    79

Table legend: (Time is in decaauts)
 A = Elapsed time spent in this place.
 B = Non-inter-level travel time spent in this place.
 C = Inter-level travel time spent in this place.
 D = Time resting spent in this place.
 E = Time spent auto-exploring this place.
 F = Levels seen in this place.
 G = Mean time per level.
                   A        B        C        D        E       F      G
               +--------+--------+--------+--------+--------+-----+--------+
         Total |   5619 |   5539 |     80 |   3421 |   1202 |   6 |  936.5 |
       Dungeon |   5619 |   5539 |     80 |   3421 |   1202 |   6 |  936.5 |
               +--------+--------+--------+--------+--------+-----+--------+

Top non-repeatable levels by time:
     D:1: 1820 daAuts
     D:3: 1720 daAuts
     D:2: 1458 daAuts
     D:7: 579 daAuts
     D:6: 25 daAuts
     D:4: 14 daAuts
